 Dungeon Crawl Stone Soup version bcrawl-1.39.1 (webtiles) character file.

Game seed: 6423801423203329859

88603 Finalfun the Ducker (level 2, 0/28 HPs)
             Began as a Troll Archaeologist on Sept 20, 2023.
             Succumbed to an adder's poison
             ... on level 1 of the Dungeon.
             The game lasted 00:02:52 (1395 turns).

Finalfun the Ducker (Troll Archaeologist)           Turns: 1395, Time: 00:02:52

Health: 0/28       AC:  5    Str: 18    XL:     2   Next: 96%
Magic:  1/1        EV: 10    Int: 11    God:
Gold:   32         SH:  0    Dex:  8    Spells: 1/1 levels left

rFire    . . .     GDR:     24% a - +0 whip
rCold    . . .     SeeInvis .   (no shield)
rNeg     . . .     Gourm    +   (armour unavailable)
rPois    .         Faith    .   c - +1 hat
rElec    .         Spirit   .   (no cloak)
rCorr    .         Reflect  .   (gloves unavailable)
MR       .....                  (boots unavailable)
Stlth    ++........             (no amulet)
HPRegen  0.14/turn              (no ring)
MPRegen  0.07/turn              (no ring)

@: lethally poisoned (0 -> -13)
A: large, almost no armour, claws 3, fast metabolism 3, gourmand, AC +4
a: no special abilities


You were on level 1 of the Dungeon.
You were very hungry.

You visited 1 branch of the dungeon, and saw 2 of its levels.

You collected 32 gold pieces.

Inventory:

Hand Weapons
 a - a +0 whip (weapon)
 b - a +0 blowgun
Missiles
 d - 6 curare-tipped needles
 k - 160 poisoned needles
Armour
 c - a +1 hat (worn)
Jewellery
 o - a cursed ring of ice {unknown}
Scrolls
 g - a scroll of revelation
 i - 2 scrolls of identify
 l - 2 scrolls of remove curse {unknown}
 m - a scroll of amnesia {unknown}
 n - a scroll of fear {unknown}
Potions
 h - 2 potions of flight {unknown}
 j - 2 potions of ambrosia {unknown}
 p - a potion of degeneration {unknown}
Miscellaneous
 f - a dusty tome
Comestibles
 e - 3 rations {!d}


   Skills:
 + Level 2.1 Fighting
 - Level 1.0 Maces & Flails
 - Level 2.4 Dodging
 - Level 2.0 Stealth


You had one spell level left.
You didn't know any spells.
Your spell library was empty.

Dungeon Overview and Level Annotations

Branches:
Dungeon (2/12)

Altars:


Innate Abilities, Weirdness & Mutations

You cannot wear most types of armour.
Your thick skin is tough. (AC +4)
You are too large for most types of armour.
You have claws for hands.
Your metabolism is lightning-fast.
You like to eat raw meat.


Message History

The adder poisons you! The adder closely misses you.
You are feeling very hungry.
You closely miss the adder.
The adder is heavily wounded.
* * * LOW HITPOINT WARNING * * *
You feel sick. The adder bites you but does no damage.
You closely miss the adder.
The adder is heavily wounded.
* * * LOW HITPOINT WARNING * * *
You feel sick. The adder bites you but does no damage. The adder bites you.
* * * LOW HITPOINT WARNING * * *
You are more poisoned.
The adder poisons you!
You miss the adder.
The adder is heavily wounded.
* * * LOW HITPOINT WARNING * * *
You feel sick. The adder barely misses you.
You hit the adder.
The adder is heavily wounded.
You die...

##...##....############.#.##.
######...##....# #........#.#.##.
....##.........# #........#.#.##.
....##.........# #........#.#.##.
....##.........# #........#.#.##.
....##...##....###........#.#.##.
....##...##...............#.#.##.
....#######...............#.#.##.
......# #.....@..########.#^##.
......# #......S.# #.#.##.
......# ###......########.#.##.
#'###########...............#.###
#..................##########....
#.......####.......# #...........
#.......# #.......###.##........
#.......# #.......'...#.........
#.......# #.......#...###.>[....


You could see an adder.

Vanquished Creatures
  A dart slug (D:1)
  2 leopard geckos (D:1)
  3 giant cockroaches (D:1)
  A goblin (D:1)
  4 hobgoblins (D:1)
  A quokka (D:1)
  3 bats (D:1)
  2 frilled lizards (D:1)
  2 kobolds
  3 rats (D:1)
22 creatures vanquished.

Notes
Turn   | Place    | Note
-------+----------+-------------------------------------------
     0 | D:1      | Finalfun the Troll Archaeologist began the quest for the
                  | Orb.
     0 | D:1      | Reached XP level 1. HP: 18/18 MP: 0/0
   122 | D:1      | Reached skill level 1 in Fighting
   230 | D:1      | Reached XP level 2. HP: 27/27 MP: 1/1
  1394 | D:1      | HP: 1/28 [poisoned by an adder]
  1395 | D:1      | Succumbed to an adder's poison

Skill      XL: |  1  2 |
---------------+-------+-----
Stealth        | 2 |  2.0
Fighting       | 1 2 |  2.1
Maces & Flails | |  1.0
Dodging        | |  2.4

Action                   || total
-------------------------++-------
Melee: Whip              ||    71
 Fire: Blowgun           ||     6
 Stab: Sleeping          ||     5
  Eat: Chunk             ||     6
Armor: Skin              ||    30
Dodge: Dodged            ||    38
